 Dungeon Crawl Stone Soup version 0.31-a0-1068-g5939ac1fb6 (webtiles) character file.

Game seed: 3232260168509068890

75 MackTheKnife the Gusty (level 4, 0/30 HPs)
             Began as a Demonspawn Air Elementalist on Nov 23, 2023.
             Succumbed to an adder's poison
             ... on level 2 of the Dungeon.
             The game lasted 00:02:25 (2026 turns).

MackTheKnife the Gusty (DsAE)                       Turns: 2026, Time: 00:02:25

Health: 0/30       AC:  2    Str:  9    XL:     4   Next: 11%
Magic:  1/7        EV: 12    Int: 20    God:
Gold:   149        SH:  0    Dex: 13    Spells: 4/7 levels left

rFire   + . .        f - +0 whip (elec) {mace}
rCold   . . .        (no shield)
rNeg    . . .        a - +0 robe
rPois   .            (no helmet)
rElec   .            (no cloak)
rCorr   .            (no gloves)
SInv    +            (no boots)
Will    .....        (no amulet)
Stlth   ++           d - ring of protection from fire
HPRegen 0.25/turn    (no ring)
MPRegen 0.10/turn

%: no passive effects
@: lethally poisoned (0 -> -5)
A: claws 1, powered by pain 1, big brain 1
a: no special abilities


You were on level 2 of the Dungeon.
You visited 1 branch of the dungeon, and saw 2 of its levels.

You collected 149 gold pieces.


Innate Abilities, Weirdness & Mutations

You have sharp fingernails.
You sometimes gain a little power by taking damage.
You have an unusually large brain. (Int +2)


   Skills:
 - Level 1.7 Dodging
 - Level 1.7 Stealth
 - Level 2.0 Spellcasting
 - Level 1.0 Conjurations
 + Level 4.5 Air Magic


You had 4 spell levels left.
You knew the following spells:

 Your Spells              Type           Power      Damage    Failure   Level
a - Shock                 Conj/Air       52%        1d6       4%          1
b - Static Discharge      Conj/Air       26%        3-5/arc   8%          2

Your spell library contained the following spells:

 Spells                   Type           Power      Damage    Failure   Level
 Swiftness                Air            20%        N/A       8%          3
 Necrotise                Necr           8%         1d4       16%         1
 Airstrike                Air            10%        2d(2-18)  24%         4
 Vampiric Draining        Necr           2%         2d6       43%         3
 Agony                    Necr           2%         N/A       99%         5

Inventory:

Hand Weapons
 f - a +0 whip of electrocution (weapon) {mace}
   (You found it on level 1 of the Dungeon)
Armour
 a - a +0 robe (worn)
Jewellery
 d - a ring of protection from fire (left claw)
   (You found it on level 1 of the Dungeon)
Scrolls
 c - a scroll of identify {unknown}
 e - 3 scrolls of revelation
 g - a scroll of amnesia {unknown}
 h - a scroll of noise {unknown}
 i - a scroll of fog {unknown}
Potions
 b - a potion of magic

Dungeon Overview and Level Annotations

Branches:
Dungeon (2/15) Zot: 9971

Altars:

....#.#,***************,,,*+****,
....#.#,*##############.,,*,* *,
....#.#,*##############.,,*,* **
....'.#,,...............,,*,*
....###**##################,*
....#,,,,.........โ€
.......#,*****
###.#,,,,.####....#...##..#,,,,,,
#...#,,,*#####....#...###.#,*****
โ€
...#..**#####.S@.##..###.#..,,,,
..#.#..**$.......###......#.##*,,
#####.#**....#...####.....#..,,,,
....#.# *....#...######...#..,,,.
###.#.#
*.รท.##..#########.#.###..
#.#.###.####..######....#...<.. #
#.#โ€ .........####.......#......
# #...........###...........#***,
# #.#.......#*##..........#.# *,


You could see an adder.


Message History

Okay, then.
Unknown command.
You hit the adder.
You kill the adder!
You feel sick.
You have reached level 4!
You feel stronger.
Your demonic ancestry asserts itself...
You feel energised by your suffering. ๐Ÿ˜ฎ HP[+3]
You now have 30 max hp (+6).
You regained 3 hp, and now have 18/30 hp.
You start resting.
You feel sick. x2
You are no longer poisoned. ๐Ÿ˜ฎ HP[-2] MP[+1]
You take 2 damage, and now have 16/30 hp.
You start resting.
Your magical contamination has completely faded away. ๐Ÿ˜ฎ HP[+1] Unknown command.
You start resting. ๐Ÿ˜Ž HP[+13] MP[+5]
Your hp is fully restored (30).
You regained 5 mp, and now have 6/7 mp.
You see here an adder corpse.
An adder comes into view. ๐Ÿ˜Ž MP[+1]
Your mp is fully restored (7).
An adder is nearby!
An adder is nearby!
An adder is nearby!
The zap hits the adder.
The adder hisses angrily. ๐Ÿ˜Ž MP[-1]
You lost 1 mp, and now have 6/7 mp.
The zap hits the adder. ๐Ÿ˜Ž MP[-1]
You lost 1 mp, and now have 5/7 mp.
The zap misses the adder. ๐Ÿ˜Ž MP[-1]
You lost 1 mp, and now have 4/7 mp.
You miscast Shock.
You are very lightly contaminated with residual magic.
Nothing appears to happen. ๐Ÿ˜Ž MP[-1]
You lost 1 mp, and now have 3/7 mp.
The zap misses the adder. x2; The zap misses you.
The adder bites you. ๐Ÿ˜• HP[-1] MP[-1]
You take 1 damage, and now have 29/30 hp.
You lost 1 mp, and now have 2/7 mp.
Unknown command.
The zap misses the adder.
The zap hits the adder.
The zap misses you.
The adder closely misses you. ๐Ÿ˜• MP[-1]
You lost 1 mp, and now have 1/7 mp.
Unknown command.
The zap hits the adder.
The zap misses the adder.
The zap hits you. The adder bites you.
You are poisoned.
The adder poisons you! ๐Ÿ˜ฎ HP[-9] MP[-1]
You take 9 damage, and now have 20/30 hp.
MASSIVE DAMAGE!! (PAUSE)
You lost 1 mp, and now have 0/7 mp.
You hit the adder but do no damage.
You feel sick. The adder bites you but does no damage.
The adder closely misses you. ๐Ÿ˜ฎ HP[-1]
You take 1 damage, and now have 19/30 hp.
You closely miss the adder.
You feel sick. The adder bites you. ๐Ÿ˜ฎ HP[-3]
You take 3 damage, and now have 16/30 hp.
You miss the adder.
You feel sick. The adder bites you.
* * * LOW HITPOINT WARNING * * *
Your magical contamination has completely faded away. ๐Ÿ˜จ HP[-3] MP[+1]
You take 3 damage, and now have 13/30 hp.
Unknown command.
You barely miss the adder.
You feel sick.
You are no longer poisoned.
The adder bites you.
* * * LOW HITPOINT WARNING * * *
You are poisoned.
The adder poisons you! The adder bites you.
* * * LOW HITPOINT WARNING * * *
๐Ÿ˜ฑ HP[-6]
You take 6 damage, and now have 7/30 hp.
You barely miss the adder.
You feel sick. The adder bites you.
* * * LOW HITPOINT WARNING * * *
You are more poisoned.
The adder poisons you! ๐Ÿ˜ฑ HP[-4]
You take 4 damage, and now have 3/30 hp.
You closely miss the adder.
* * * LOW HITPOINT WARNING * * *
You feel sick.
The adder barely misses you. x2 ๐Ÿ˜ฑ HP[-2]
You take 2 damage, and now have 1/30 hp.
Okay, then.
Okay, then.
As you read the scroll labelled XAMIMEF XOCVI, it crumbles to dust.
You feel aware of your surroundings.
It was a scroll of revelation.
You die...

Skill      XL: |  1  2  3 |
---------------+----------+-----
Air Magic      | 3 4 |  4.5
Dodging        | |  1.7
Stealth        | |  1.7
Spellcasting   | |  2.0
Conjurations   | |  1.0

Action                     |  1- 3 |  4- 6 || total
---------------------------+-------+-------++-------
  Melee: Trident           |     2 |       ||     2
         Whip              |    23 |     6 ||    29
   Cast: Shock             |    73 |     6 ||    79
    Use: Scroll            |       |     1 ||     1
 Armour: Robe              |    15 |     9 ||    24
  Dodge: Dodged            |    25 |     6 ||    31

Levels and vault maps discovered:
D:1:      roderic_octagonal_star, layout_basic, minmay_quantized
D:2:      minmay_recursive_quarters, layout_basic, serial_forest,
          infiniplex_forest_straight_1, infiniplex_forest_end_3,
          infiniplex_forest_end_3, infiniplex_forest_clump_tiny,
          infiniplex_forest_pool, infiniplex_forest_lined_corner

Notes
Turn   | Place    | Note
-------+----------+-------------------------------------------
     0 | D:1      | MackTheKnife the Demonspawn Air Elementalist began the
                  | quest for the Orb.
     0 | D:1      | Reached XP level 1. HP: 13/13 MP: 3/3
     0 | D:1      | magus.rc [v1.9.6]
   285 | D:1      | Reached skill level 3 in Air Magic
   372 | D:1      | Gained mutation: You have an unusually large brain. (Int
                  | +2) [demonic ancestry]
   372 | D:1      | Reached XP level 2. HP: 19/19 MP: 1/5
  1056 | D:1      | Gained mutation: You have sharp fingernails. [demonic
                  | ancestry]
  1056 | D:1      | Reached XP level 3. HP: 24/24 MP: 2/6
  1073 | D:1      | Learned a level 2 spell: Static Discharge
  1134 | D:1      | You pick up a book of Necromancy and begin reading...
  1134 | D:1      | You add the spells Necrotise, Vampiric Draining and Agony
                  | to your library.
  1367 | D:1      | Reached skill level 4 in Air Magic
  1946 | D:2      | Gained mutation: You sometimes gain a little power by
                  | taking damage. [demonic ancestry]
  1946 | D:2      | Reached XP level 4. HP: 18/30 MP: 0/7
  2023 | D:2      | HP: 7/30 [adder (2)]
  2024 | D:2      | HP: 3/30 [adder (3)]
  2025 | D:2      | HP: 1/30 [poisoned by an adder]
  2026 | D:2      | Succumbed to an adder's poison

Vanquished Creatures
  A gnoll (D:1)
  2 adders (D:2)
  A worm (D:2)
  5 endoplasms
  2 giant cockroaches
  2 goblins (D:2)
  2 hobgoblins (D:1)
  3 jackals (D:2)
  2 quokkas
  7 ball pythons
  5 bats
  2 frilled lizards (D:1)
  3 kobolds
  5 rats
42 creatures vanquished.

Table legend:
 A = Non-vault XP
 B = Vault XP
 C = Vault XP percentage of total XP
 D = Non-vault monster count
 E = Vault monster count
 F = Vault count percentage of total count
                 A         B        C        D         E       F
            +---------+---------+-------+---------+---------+-------
      Total |      86 |      22 |  20.4 |      34 |       8 |  19.0
            +---------+---------+-------+---------+---------+-------
        D:1 |      48 |       5 |   9.4 |      21 |       4 |  16.0
        D:2 |      38 |      17 |  30.9 |      13 |       4 |  23.5
            +---------+---------+-------+---------+---------+-------

Skill      XL: |  1  2  3 |
---------------+----------+-----
Air Magic      | 3 4 |  4.5
Dodging        | |  1.7
Stealth        | |  1.7
Spellcasting   | |  2.0
Conjurations   | |  1.0

Action                     |  1- 3 |  4- 6 || total
---------------------------+-------+-------++-------
  Melee: Trident           |     2 |       ||     2
         Whip              |    23 |     6 ||    29
   Cast: Shock             |    73 |     6 ||    79
    Use: Scroll            |       |     1 ||     1
 Armour: Robe              |    15 |     9 ||    24
  Dodge: Dodged            |    25 |     6 ||    31

Illustrated notes

Table legend:
 A = Kills in this place as a percentage of kills in the entire game.
 B = Kills by you in this place as a percentage of kills by you in the entire game.
 C = Kills by friends in this place as a percentage of kills by friends in the entire game.
 D = Other kills in this place as a percentage of other kills in the entire game.
 E = Experience gained in this place as a percentage of experience gained in the entire game.
 F = Experience gained in this place divided by the number of levels of this place that you have seen.
                   A       B       C       D       E      F
               +-------+-------+-------+-------+-------+----------------------
         Total | 100.0 | 100.0 |   N/A |   N/A | 100.0 |  54.0
       Dungeon | 100.0 | 100.0 |   N/A |   N/A | 100.0 |  54.0
               +-------+-------+-------+-------+-------+----------------------

Table legend: (Time is in decaauts)
 A = Elapsed time spent in this place.
 B = Non-inter-level travel time spent in this place.
 C = Inter-level travel time spent in this place.
 D = Time resting spent in this place.
 E = Time spent auto-exploring this place.
 F = Levels seen in this place.
 G = Mean time per level.
                   A        B        C        D        E       F      G
               +--------+--------+--------+--------+--------+-----+--------+
         Total |   2028 |   1995 |     33 |    192 |   1545 |   2 | 1014.0 |
       Dungeon |   2028 |   1995 |     33 |    192 |   1545 |   2 | 1014.0 |
               +--------+--------+--------+--------+--------+-----+--------+

Top non-repeatable levels by time:
     D:1: 1430 daAuts
     D:2: 598 daAuts
